 Dungeon Crawl Stone Soup version 0.29.1-12-g30fa7ad0bf (webtiles) character file.

Game seed: 161419127489801248

35 KittyFluff the Trooper (level 3, -3/23 HPs)
             Began as a Gargoyle Berserker on Jan 11, 2023.
             Was a Believer of Trog.
             Slain by a gnoll
             ... wielding a +0 flail
              (4 damage)
             ... on level 2 of the Dungeon.
             The game lasted 00:03:48 (1177 turns).

KittyFluff the Trooper (Gargoyle Berserker)         Turns: 1177, Time: 00:03:48

Health: -3/23      AC:  7    Str: 20    XL:     3   Next: 33%
Magic:  3/3        EV: 12    Int:  7    God:    Trog [**....]
Gold:   87         SH:  0    Dex: 11    Spells: 2/2 levels left

rFire   . . .      SeeInvis .   a - +0 mace
rCold   . . .      Faith    .   (no shield)
rNeg    + . .      Spirit   .   b - +0 animal skin
rPois   ∞          Reflect  .   (no helmet)
rElec   +          Harm     .   (no cloak)
rCorr   .          Rampage  .   (no gloves)
Will    .....                   (no boots)
Stlth   +.........              (no amulet)
HPRegen 0.07/turn               (no ring)
MPRegen 0.08/turn               (no ring)

@: no status effects
A: sickness immunity, AC +3, negative energy resistance 1, electricity
resistance, torment resistance 1, petrification resistance, iridescent scales 1
a: Renounce Religion, Berserk, Trog's Hand


You were on level 2 of the Dungeon.
You worshipped Trog.
Trog was pleased with you.
You visited 1 branch of the dungeon, and saw 2 of its levels.

You collected 87 gold pieces.

Inventory:

Hand Weapons
 a - a +0 mace (weapon)
 k - a +0 sling
Missiles
 d - 11 stones (quivered)
Armour
 b - a +0 animal skin (worn)
 j - a +0 ring mail
Scrolls
 c - 2 scrolls of fear {unknown}
 f - a scroll of immolation {unknown}
 g - a scroll of summoning {unknown}
 h - a scroll of noise {unknown}
 i - a scroll of identify {unknown}


   Skills:
 + Level 3.6 Fighting
 * Level 3.4 Maces & Flails
 * Level 2.9 Armour
 + Level 1.9 Dodging


You had 2 spell levels left.
You didn't know any spells.
Your spell library was empty.

Dungeon Overview and Level Annotations

Branches:
Dungeon (2/15)

Altars:


Innate Abilities, Weirdness & Mutations

You are immune to sickness and miasma.
Your stone body is resilient. (AC +3)
You are immune to poison.
You resist negative energy. (rN+)
You are resistant to electric shocks. (rElec)
You are resistant to unholy torment.
You are immune to petrification.
You are partially covered in iridescent scales. (AC +2)


Message History

* * * LOW HITPOINT WARNING * * *
You sock the endoplasm!
You kill the endoplasm!
Trog accepts your kill.
You see here a +0 dagger.
You start resting.
HP restored.
You see here a +0 dagger.
Things that are here:
a +0 dagger; a +0 sling
k - a +0 sling You start waiting.
Done waiting.
Found 4 stones.
There is a stone staircase leading up here.
d - 11 stones (gained 4)
A gnoll comes into view. It is wielding a +0 spear.
The gnoll shouts!
A gnoll comes into view. It is wielding a +0 flail.
A gnoll comes into view. It is wielding a +0 club.
Found a smoky blue potion.
The gnoll shouts! x2
You closely miss the gnoll. The gnoll closely misses you.
The gnoll hits you but does no damage.
You closely miss the gnoll. The gnoll closely misses you.
You hit the gnoll.
The gnoll is moderately wounded.
The gnoll barely misses you. The gnoll hits you with a +0 club.
The gnoll closely misses you.
You closely miss the gnoll.
The gnoll is moderately wounded.
The gnoll hits you from afar with a +0 spear.
The gnoll barely misses you. x3
The gnoll hits you from afar with a +0 spear.
The gnoll hits you with a +0 flail!
* * * LOW HITPOINT WARNING * * *
It was a potion of mutation.
You feel extremely strange.
Iridescent scales grow over part of your body.
The gnoll hits you with a +0 flail.
You die...

............##.#..###♣.♣♣
......#...⌠..###..##.♣..♣
......#.......###.....♣
.>......⌠.....#......♣♣
...........<..####....♣
........⌠.....# #..♣.♣
......#.......####...♣♣
......#...⌠..##.....♣.♣
......#.#...##!#@#...♣..
###.#...#####.ggg###.....♣
#...### #..### ......
#.### #..# .##### ### #..#
.# #..# ###


You could see 3 gnolls.

Vanquished Creatures
  A worm (D:2)
  2 bats (D:2)
  4 endoplasms
  4 giant cockroaches
  2 goblins (D:2)
  A hobgoblin (D:2)
  3 jackals (D:1)
  5 ball pythons
  A frilled lizard (D:1)
  3 kobolds
26 creatures vanquished.

Notes
Turn   | Place    | Note
-------+----------+-------------------------------------------
     0 | D:1      | KittyFluff the Gargoyle Berserker began the quest for the
                  | Orb.
     0 | D:1      | Reached XP level 1. HP: 14/14 MP: 1/1
   201 | D:1      | Reached XP level 2. HP: 19/19 MP: 2/2
   644 | D:2      | Reached XP level 3. HP: 19/23 MP: 3/3
   748 | D:2      | Reached ** piety under Trog
  1176 | D:2      | HP: 1/23 [gnoll/+0 flail (11)]
  1177 | D:2      | Gained mutation: You are partially covered in iridescent
                  | scales. (AC +2) [potion of mutation]
  1177 | D:2      | Slain by a gnoll

Illustrated notes

Levels and vault maps discovered:
D:1:      dpeg_chamrin_arrival_tetris, layout_basic, corexii_leaking_fountain
D:2:      layout_rooms, chequers_ecumenical_altar_grove, grunt_ministairs_9,
          nrook_loot_triangle, kennysheep_nondescript, minmay_liquid_box

Action                   || total
-------------------------++-------
Melee: Mace              ||    86
  Use: Potion            ||     1
Armor: Animal skin       ||    21
Dodge: Dodged            ||    68
